 Dungeon Crawl Stone Soup version 0.27-a0-650-g8dd3ea4f36 (webtiles) character file.

Game seed: 16790991929136760071

65 jasper the Shooter (level 3, -1/20 HPs)
             Began as a Deep Elf Arcane Marksman on Mar 15, 2021.
             Slain by an orc
             ... wielding a +0 mace
              (3 damage)
             ... on level 2 of the Dungeon.
             The game lasted 00:04:46 (3098 turns).

jasper the Shooter (Deep Elf Arcane Marksman)       Turns: 3098, Time: 00:04:47

Health: -1/20      AC:  5    Str:  7    XL:     3   Next: 92%
Magic:  7/7        EV: 10    Int: 18    God:
Gold:   97         SH:  0    Dex: 15    Spells: 2/5 levels left

rFire    . . .     SeeInvis .   g - +0 spear
rCold    . . .     Faith    .   (no shield)
rNeg     . . .     Spirit   .   h - +0 ring mail
rPois    .         Reflect  .   (no helmet)
rElec    .         Harm     .   (no cloak)
rCorr    .         Rampage  .   (no gloves)
Will     .....                  (no boots)
Stlth    +.........             (no amulet)
HPRegen  0.06/turn              (no ring)
MPRegen  0.10/turn              (no ring)

@: no status effects
A: no striking features
a: no special abilities


You were on level 2 of the Dungeon.
You visited 1 branch of the dungeon, and saw 3 of its levels.

You collected 97 gold pieces.

Inventory:

Hand Weapons
 a - a +0 shortbow
 g - a +0 spear (weapon)
Missiles
 c - 27 bolts
 d - 5 arrows
 p - 61 stones (quivered)
 q - 13 sling bullets
Armour
 e - a +0 robe
 h - a +0 ring mail (worn)
 n - a +1 scale mail of fire resistance
Wands
 b - a wand of mindburst (17)
Scrolls
 k - a scroll of enchant armour {unknown}
 l - a scroll of fear {unknown}
 m - 2 scrolls of identify {unknown}
Potions
 i - a potion of resistance {unknown}
 j - 3 potions of brilliance {unknown}
 o - a potion of mutation {unknown}


   Skills:
 - Level 0.7 Fighting
 + Level 5.7 Bows
 - Level 2.4 Dodging
 - Level 1.5 Spellcasting
 - Level 4.0 Hexes


You had 2 spell levels left.
You knew the following spells:

 Your Spells              Type           Power      Damage    Failure   Level
a - Corona                Hex            16%        N/A       13%         1
b - Slow                  Hex            15%        N/A       21%         2

Your spell library contained the following spells:

 Spells                   Type           Power      Damage    Failure   Level
 Inner Flame              Hex/Fire       8%         N/A       65%         3
 Portal Projectile        Hex/Tloc       16%        N/A       65%         3
 Cause Fear               Hex            7%         N/A       78%         4
 Leda's Liquefaction      Hex/Erth       4%         N/A       96%         4


Dungeon Overview and Level Annotations

Branches:
Dungeon (3/15)

Altars:
Elyvilon
Sif Muna


Message History

There is a stone staircase leading down here.
You hit the orc but do no damage. The orc closely misses you.
You barely miss the orc. The orc hits you with a +0 mace.
You take 4 damage, and have 16/20 hp.
You hit the orc.
The orc is lightly wounded.
The orc hits you but does no damage.
Your ring mail prevents you from hitting the orc.
The orc is lightly wounded.
The orc hits you with a +0 mace.
You take 3 damage, and have 13/20 hp.
You are too injured to fight recklessly!
You are too injured to fight recklessly!
You are too injured to fight recklessly!
You hit the orc.
The orc is heavily wounded.
The orc closely misses you.
You hit the orc but do no damage.
The orc is heavily wounded.
The orc hits you but does no damage. The orc barely misses you.
You hit the orc but do no damage.
The orc is heavily wounded.
The orc hits you with a +0 mace.
You take 6 damage, and have 7/20 hp.
MASSIVE DAMAGE!!
You hit the orc.
The orc is severely wounded.
The orc hits you with a +0 mace.
* * * LOW HITPOINT WARNING * * *
You take 5 damage, and have 2/20 hp.
MASSIVE DAMAGE!!
You closely miss the orc.
The orc is severely wounded.
The orc barely misses you.
Casting: Slow (safe; 21% risk of failure)
Confirm with . or Enter, or press ? or * to list all spells.
You don't know that spell.
Aiming: Mindburst
Press: ? - help, Shift-Dir - straight line, f - orc
Aim: an orc, wielding a +0 mace and wearing a +0 chain mail (severely wounded, chance to affect: 80%)
The orc barely resists.
The orc hits you with a +0 mace.
You die...

######### #.###..
#.......########. ...
#.#.#..........## ####
...##.##.######.#
........##.# #.#
#......#####†# #.#
##...#.#####.# ####.####
##.##....÷.<###.......#
## ######.o@).....##.#
#.....####.##.##.#####..
#.....# #.##.##........
#.....# #.#............
#.....# #.............[
#.....# #.......#####..
####.## ####.#### # #.#
#.# #.##.####.### #.#


You could see an orc.

Vanquished Creatures
  An adder (D:2)
  4 leopard geckos
  An orc (D:2)
  3 giant cockroaches
  5 goblins (D:1)
  5 hobgoblins (D:1)
  6 jackals (D:2)
  5 kobolds
  A quokka (D:2)
  A ball python (D:1)
  A bat (D:1)
  4 frilled lizards (D:1)
  9 rats
46 creatures vanquished.

Notes
Turn   | Place    | Note
-------+----------+-------------------------------------------
     0 | D:1      | jasper the Deep Elf Arcane Marksman began the quest for the
                  | Orb.
     0 | D:1      | Reached XP level 1. HP: 11/11 MP: 5/5
    60 | D:1      | Reached skill level 3 in Bows
   304 | D:1      | Reached XP level 2. HP: 16/16 MP: 6/6
   308 | D:1      | Learned a level 2 spell: Slow
   379 | D:1      | Reached skill level 4 in Bows
  1511 | D:1      | Reached XP level 3. HP: 20/20 MP: 7/7
  2035 | D:2      | Reached skill level 5 in Bows
  2643 | D:2      | Found a white marble altar of Elyvilon.
  2775 | D:2      | Found a shimmering blue altar of Sif Muna.
  3098 | D:2      | Slain by an orc

Illustrated notes

Levels and vault maps discovered:
D:1:      dpeg_arrival_lava_altar, layout_loops_ring
D:2:      minmay_roachtagon, layout_loops_cross, lemuel_doored_altar,
          lemuel_crystal_altar
D:3:      layout_basic, lemuel_crystal_altar

Skill      XL: |  1  2  3 |
---------------+----------+-----
Bows           | 3 4 5 |  5.7
Fighting       | |  0.7
Dodging        | |  2.4
Spellcasting   | |  1.5
Hexes          | |  4.0

Action                   || total
-------------------------++-------
Melee: Spear             ||   143
 Fire: Shortbow          ||    93
Throw: Stone             ||     9
 Cast: Slow              ||     4
Evoke: Wand              ||     1
  Use: Potion            ||     3
       Scroll            ||     1
Armor: Ring mail         ||    63
Dodge: Dodged            ||   102

Table legend: (Time is in decaauts)
 A = Elapsed time spent in this place.
 B = Non-inter-level travel time spent in this place.
 C = Inter-level travel time spent in this place.
 D = Time resting spent in this place.
 E = Time spent auto-exploring this place.
 F = Levels seen in this place.
 G = Mean time per level.
                   A        B        C        D        E       F      G
               +--------+--------+--------+--------+--------+-----+--------+
         Total |   3105 |   2901 |    204 |   1200 |   1046 |   3 | 1035.0 |
       Dungeon |   3105 |   2901 |    204 |   1200 |   1046 |   3 | 1035.0 |
               +--------+--------+--------+--------+--------+-----+--------+

Top non-repeatable levels by time:
     D:1: 2341 daAuts
     D:2: 759 daAuts
     D:3: 4 daAuts
